 Dungeon Crawl Stone Soup version 0.27-a0-1529-g1e82c303ef (webtiles) character file.

Game seed: 9071188871595300897

619 tilp the Caller (level 7, -3/54 HPs)
             Began as a Barachi Summoner on July 12, 2021.
             Killed by divine providence
             ... invoked by an orc priest
              (10 damage)
             ... on level 5 of the Dungeon.
             The game lasted 00:11:05 (5743 turns).

tilp the Caller (Barachi Summoner)                  Turns: 5743, Time: 00:11:06

Health: -3/54      AC:  5    Str: 12    XL:     7   Next: 46%
Magic:  7/12       EV: 11    Int: 21    God:
Gold:   249        SH:  0    Dex: 12    Spells: 0/13 levels left

rFire    . . .     SeeInvis .   a - +2 dagger (venom)
rCold    . . .     Faith    .   (no shield)
rNeg     . . .     Spirit   .   c - +0 ring mail
rPois    +         Reflect  .   (no helmet)
rElec    .         Harm     .   (no cloak)
rCorr    .         Rampage  .   (no gloves)
Will     .....                  (no boots)
Stlth    ++........             (no amulet)
HPRegen  0.18/turn              d - ring of poison resistance
MPRegen  0.13/turn              u - +6 ring of intelligence

@: slow
A: amphibious, slowness 1, strong legs 1, +LOS
a: Hop


You were on level 5 of the Dungeon.
You visited 1 branch of the dungeon, and saw 5 of its levels.

You collected 249 gold pieces.

Inventory:

Hand Weapons
 a - a +2 dagger of venom (weapon)
 b - a +1 short sword of holy wrath
 n - a +0 flail
 o - a +0 morningstar
 q - a +0 trident
Missiles
 g - 20 poisoned darts (quivered)
Armour
 c - a +0 ring mail (worn)
 m - a +0 buckler
Jewellery
 d - a ring of poison resistance (left hand)
 t - a ring of fire
 u - a +6 ring of intelligence (right hand)
 v - a ring of willpower
 x - an amulet of faith
Wands
 w - a wand of acid (6)
Scrolls
 e - 4 scrolls of teleportation
 p - a scroll of acquirement
 y - a scroll of magic mapping {unknown}
Potions
 f - a potion of ambrosia
 h - a potion of attraction
 i - a potion of might
 j - a potion of invisibility
 k - 2 potions of mutation
 l - a potion of brilliance
 r - a potion of magic {unknown}
 s - 2 potions of curing {unknown}


   Skills:
 - Level 4.0 Fighting
 - Level 4.0 Dodging
 - Level 4.0 Stealth
 + Level 3.9 Spellcasting
 + Level 6.7 Summonings


You couldn't memorise any spells.
You knew the following spells:

 Your Spells              Type           Power      Damage    Failure   Level
a - Summon Small Mammal   Summ           100%       N/A       1%          1
b - Call Imp              Summ           32%        N/A       2%          2
c - Call Canine Familiar  Summ           32%        N/A       5%          3
d - Summon Guardian Gole  Hex/Summ       18%        N/A       22%         3
e - Summon Lightning Spi  Summ/Air       18%        N/A       56%         4

Your spell library contained the following spells:

 Spells                   Type           Power      Damage    Failure   Level
 Static Discharge         Conj/Air       4%         N/A       38%         2
 Ozocubu's Armour         Ice            4%         N/A       63%         3
 Dispel Undead            Necr           4%         3d7       95%         4
 Sticky Flame             Conj/Fire      4%         2d3       95%         4
 Metabolic Englaciation   Hex/Ice        2%         N/A       100%        5
 Simulacrum               Ice/Necr       2%         N/A       100%        6
 Malign Gateway           Summ/Tloc      9%         N/A       100%        7
 Summon Horrible Things   Summ           16%        N/A       100%        8


Dungeon Overview and Level Annotations

Branches:
Dungeon (5/15)
 Temple: D:4-7

Altars:

Shops:
D:5 ?

Annotations:
D:4 Edmund


Innate Abilities, Weirdness & Mutations

You are amphibious.
You cover ground slowly.
You can hop short distances.
You have an extended range of vision and can be seen from far away.


Message History

The orc wizard casts a spell at your crimson imp.
The puff of flame hits you!
* * * LOW HITPOINT WARNING * * *
You closely miss the orc wizard.
The orc wizard is severely wounded.
The orc wizard barely misses your crimson imp.
You closely miss the orc wizard.
The orc wizard is severely wounded.
Your crimson imp misses the orc wizard.
The orc wizard closely misses you.
You barely miss the orc wizard.
The orc wizard is severely wounded.
Your crimson imp blinks!
The orc wizard gestures wildly while chanting.
The orc wizard flickers and vanishes!
You hit something.
Your hound bites something.
Something hits you but does no damage.
You hit something.
Reactivating autopickup.
You feel a bit more experienced.
The orc hits your hound with a +0 short sword.
Your hound bites the orc.
Your hound bites the orc.
The orc hits your hound with a +0 short sword.
You swap places.
The orc priest mumbles some strange prayers to Beogh against you.
Beogh smites you!
* * * LOW HITPOINT WARNING * * *
Your hound misses something. Something completely misses your hound.
The orc priest calls down the wrath of Beogh upon you.
Deactivating autopickup; reactivate with Ctrl-A.
You hit something.
Your hound bites something.
Something hits you.
* * * LOW HITPOINT WARNING * * *
Your hound closely misses something.
You hit something.
Your hound bites something.
Reactivating autopickup.
You feel a bit more experienced.
Your crimson imp blinks!
The orc priest mumbles some strange prayers to Beogh against you.
Beogh smites you!
You die...

#########......####
......>'......+...
########......#.#
##.......# ####
#.......# .).
#.......#
##.###.......#
#.......5..ยง.#
#..........h@#
+........###o#
#........#..o#
##+##'####...# #.##
#...# #..###...#
##.......)..<.+
#.......#....#
#.......#?...#


You could see an orc priest, an orc (ally target), a friendly hound (summoned)
and a friendly crimson imp (summoned).

Vanquished Creatures
  Sigmund (D:3)
  2 necrophages (D:4)
  A centaur zombie (D:5)
  A hound (D:4)
  An orc priest (D:3)
  A bullfrog skeleton (D:4)
  2 orc wizards
  Terence (D:3)
  2 adders (D:2)
  An adder skeleton (D:4)
  A worm (D:3)
  7 orcs
  3 giant cockroaches
  3 goblins
  2 hobgoblins
  3 jackals
  3 quokkas
  6 ball pythons
  2 bats
  3 frilled lizards
  5 rats
51 creatures vanquished.

Vanquished Creatures (collateral kills)
  Grinder (D:3)
  2 orc wizards
  2 adders
  2 worms
  7 orcs
  A ball python (D:3)
  6 endoplasms (D:1)
  4 goblins
  3 hobgoblins
  6 jackals
  7 kobolds
  A quokka (D:1)
  A bat (D:1)
  3 rats (D:1)
46 creatures vanquished.

Vanquished Creatures (others)
  5 withered plants (D:3)
5 creatures vanquished.

Grand Total: 102 creatures vanquished

Notes
Turn   | Place    | Note
-------+----------+-------------------------------------------
     0 | D:1      | tilp the Barachi Summoner began the quest for the Orb.
     0 | D:1      | Reached XP level 1. HP: 13/13 MP: 3/3
   346 | D:1      | Reached skill level 1 in Fighting
   691 | D:1      | Reached XP level 2. HP: 22/22 MP: 5/5
   695 | D:1      | Learned a level 2 spell: Call Imp
   892 | D:1      | Reached skill level 5 in Summonings
  1637 | D:1      | Reached XP level 3. HP: 27/27 MP: 2/6
  2697 | D:2      | Learned a level 3 spell: Call Canine Familiar
  2882 | D:3      | Noticed Grinder
  3153 | D:3      | Noticed Terence
  3158 | D:3      | Reached XP level 4. HP: 29/33 MP: 0/8
  3166 | D:3      | Killed Terence
  3167 | D:3      | Reached skill level 6 in Summonings
  3607 | D:3      | Reached XP level 5. HP: 7/41 MP: 7/9
  4160 | D:3      | Found a faded altar of an unknown god.
  4171 | D:3      | Killed Grinder
  4172 | D:3      | Reached XP level 6. HP: 36/48 MP: 4/10
  4502 | D:3      | Noticed Sigmund
  4528 | D:3      | Killed Sigmund
  4780 | D:3      | Identified a scroll of acquirement
  4885 | D:4      | Noticed a necrophage
  4899 | D:4      | Killed a necrophage
  4909 | D:4      | Noticed a necrophage
  4917 | D:4      | Reached XP level 7. HP: 36/54 MP: 4/11
  5267 | D:4      | Learned a level 3 spell: Summon Guardian Golem
  5272 | D:4      | Learned a level 4 spell: Summon Lightning Spire
  5405 | D:4      | Noticed Edmund
  5533 | D:5      | Entered Level 5 of the Dungeon
  5597 | D:5      | Found Jegor's Magic Scroll Shoppe.
  5743 | D:5      | Killed from afar by an orc priest

Illustrated notes

Levels and vault maps discovered:
D:1:      minmay_arrival_open_corners, layout_loops_corners,
          minmay_misc_feat_secret_circle
D:2:      layout_rooms, glass_columns_a
D:3:      minmay_general_purpose_star, layout_basic, portal_sewer_entry_a,
          ebering_ecumenical_altar_petrified, minmay_misc_feat_x,
          minmay_cut_off, uniq_terence, uniq_grinder, uniq_sigmund
D:4:      layout_rooms, uniq_edmund
D:5:      layout_basic, nzn_hepliaklqana_mist_gate, serial_shops,
          nicolae_shop_stone

Skill      XL: |  1  2  3  4  5  6 |
---------------+-------------------+-----
Fighting       | 2 3 4 |  4.0
Summonings     | 5 6 |  6.7
Spellcasting   | 3 |  3.9
Dodging        | 3 4 |  4.0
Stealth        | 2 4 |  4.0

Action                   |  1- 3 |  4- 6 |  7- 9 || total
-------------------------+-------+-------+-------++-------
Melee: Dagger            |    68 |    85 |    24 ||   177
       Unarmed           |     1 |       |       ||     1
       Short sword       |    12 |       |    21 ||    33
Throw: Dart              |     1 |       |       ||     1
 Cast: Summon Small Mamm |    20 |       |       ||    20
       Call Imp          |    33 |    13 |     4 ||    50
       Call Canine Famil |     1 |     4 |     3 ||     8
 Abil: Hop               |       |     1 |       ||     1
  Use: Scroll            |     8 |     1 |     2 ||    11
 Stab: Sleeping          |     1 |       |     1 ||     2
       Distracted        |       |     1 |     4 ||     5
Armor: Robe              |     8 |       |       ||     8
       Leather armour    |    10 |       |       ||    10
       Ring mail         |     1 |    35 |    14 ||    50
Dodge: Dodged            |    69 |    57 |    20 ||   146

Table legend: (Time is in decaauts)
 A = Elapsed time spent in this place.
 B = Non-inter-level travel time spent in this place.
 C = Inter-level travel time spent in this place.
 D = Time resting spent in this place.
 E = Time spent auto-exploring this place.
 F = Levels seen in this place.
 G = Mean time per level.
                   A        B        C        D        E       F      G
               +--------+--------+--------+--------+--------+-----+--------+
         Total |   6252 |   5778 |    474 |    936 |   3858 |   5 | 1250.4 |
       Dungeon |   6252 |   5778 |    474 |    936 |   3858 |   5 | 1250.4 |
               +--------+--------+--------+--------+--------+-----+--------+

Top non-repeatable levels by time:
     D:1: 2171 daAuts
     D:3: 1638 daAuts
     D:2: 1456 daAuts
     D:4: 746 daAuts
     D:5: 239 daAuts
